 Dungeon Crawl Stone Soup version 0.21.1-1-g345015fe64 (webtiles) character file.

317 HessuHobo the Covered (level 6, -11/53 HPs)
             Began as a Minotaur Fighter on May 23, 2018.
             Mangled by Pikel
             ... wielding a +1 whip of electrocution
              (18 damage)
             ... on level 4 of the Dungeon.
             The game lasted 00:03:41 (2922 turns).

HessuHobo the Covered (Minotaur Fighter)            Turns: 2922, Time: 00:03:42

Health: -11/53     AC: 13    Str: 22    XL:     6   Next: 20%
Magic:  5/5        EV:  7    Int:  5    God:
Gold:   142        SH:  9    Dex: 10    Spells: 5/5 levels left

rFire    + . .     SeeInvis .   a - +1 flail
rCold    . . .     Gourm    .   c - +0 shield
rNeg     . . .     Faith    .   b - +0 scale mail
rPois    .         Spirit   .   (helmet restricted)
rElec    .         Reflect  .   (no cloak)
rCorr    .         Harm     .   (no gloves)
MR       .....                  s - +1 pair of boots
Stlth    ..........             (no amulet)
HPRegen  0.17/turn              q - +4 ring of protection
MPRegen  0.09/turn              (no ring)

@: no status effects
A: retaliatory headbutt, horns 2, blink, deterioration 1, fire resistance 1,
wild magic 1
a: Blink


You were on level 4 of the Dungeon.
You were hungry.

You visited 1 branch of the dungeon, and saw 4 of its levels.

You collected 142 gold pieces.

Inventory:

Hand Weapons
 a - a +1 flail (weapon)
Armour
 b - a +0 scale mail (worn)
 c - a +0 shield (worn)
 i - a cursed +0 pair of gloves
 s - a +1 pair of boots (worn)
Jewellery
 q - a +4 ring of protection (left hand)
 r - a cursed ring of loudness {unknown}
Scrolls
 g - a scroll of remove curse {unknown}
 j - a scroll of enchant weapon
 m - 2 scrolls of teleportation
 n - a scroll of magic mapping
Potions
 d - a potion of might
 e - 3 potions of curing
 k - a potion of flight
Comestibles
 f - 5 rations


   Skills:
 + Level 4.3 Fighting
 * Level 5.7 Maces & Flails
 * Level 6.1 Armour
 - Level 3.6 Shields


You had 5 spell levels left.
You didn't know any spells.

Dungeon Overview and Level Annotations

Branches:
Dungeon (4/15)
 Temple: D:4-7

Altars:
Cheibriados
Hepliaklqana
Qazlal
Ru

Annotations:
D:4 Pikel


Innate Abilities, Weirdness & Mutations

You reflexively headbutt those who attack you in melee.
You have a pair of horns on your head.
You can translocate small distances at will.
Your body sometimes deteriorates upon taking damage.
Your flesh is heat resistant. (rF+)
Your spells are a little harder to cast, but a little more powerful.


Message History

Your shield and scale mail prevent you from hitting Pikel.
Pikel is heavily wounded.
Pikel barely misses you.
You hit Pikel but do no damage.
Pikel is heavily wounded.
Pikel hits you with a whip of electrocution.
You closely miss Pikel. You headbutt Pikel.
Pikel is heavily wounded.
You block Pikel's attack. x2
You hit Pikel.
Pikel is severely wounded.
You block Pikel's attack.
You miss Pikel.
Pikel is severely wounded.
Pikel hits you but does no damage.
You are electrocuted!
* * * LOW HITPOINT WARNING * * *
You barely miss Pikel. You headbutt Pikel.
Pikel is almost dead.
Pikel hits you but does no damage.
You are electrocuted!
You die...

.... ..# ..# #.# #.#
###.#####.######
.K....[........######
.##..#####K###......#
# #@# ######.# #.#
#.# #.########.#
....#......#
###.#.###### #...#
#.#.# ...#.# #.###.#


You could see Pikel.

Vanquished Creatures
  3 slaves (D:4)
  The ghost of HessuHobo the Covered, an amateur HuFi (D:3)
  Blork the orc (D:4)
  A centaur skeleton (D:4)
  A hound (D:4)
  4 adders
  A gnoll (D:1)
  5 worms
  2 dart slugs (D:2)
  A leopard gecko (D:2)
  4 bats
  2 giant cockroaches (D:1)
  8 goblins
  5 hobgoblins
  5 kobolds
  2 quokkas (D:2)
  3 frilled lizards
  4 rats
53 creatures vanquished.

Notes
Turn   | Place    | Note
-------+----------+-------------------------------------------
     0 | D:1      | HessuHobo the Minotaur Fighter began the quest for the Orb.
     0 | D:1      | Reached XP level 1. HP: 19/19 MP: 0/0
    12 | D:1      | Reached skill level 4 in Armour
    12 | D:1      | Reached XP level 2. HP: 14/27 MP: 1/1
  1039 | D:2      | Reached XP level 3. HP: 33/33 MP: 2/2
  1051 | D:2      | Found a snail-covered altar of Cheibriados.
  1737 | D:2      | Found a stormy altar of Qazlal.
  1867 | D:2      | Reached skill level 5 in Armour
  1867 | D:2      | Reached XP level 4. HP: 36/40 MP: 3/3
  2207 | D:3      | Found a hazy altar of Hepliaklqana.
  2406 | D:3      | Noticed HessuHobo's ghost (amateur HuFi)
  2413 | D:3      | Killed HessuHobo's ghost
  2413 | D:3      | Reached XP level 5. HP: 45/46 MP: 4/4
  2509 | D:3      | Found a sacrificial altar of Ru.
  2587 | D:4      | Reached skill level 5 in Maces & Flails
  2867 | D:4      | Noticed Blork the orc
  2871 | D:4      | Noticed a slave
  2872 | D:4      | Noticed a slave
  2875 | D:4      | Killed Blork the orc
  2875 | D:4      | Reached skill level 6 in Armour
  2875 | D:4      | Reached XP level 6. HP: 46/53 MP: 5/5
  2876 | D:4      | Noticed a slave
  2884 | D:4      | Killed a slave
  2886 | D:4      | Killed a slave
  2889 | D:4      | Killed a slave
  2902 | D:4      | Noticed Pikel
  2907 | D:4      | Gained mutation: Your flesh is heat resistant. (rF+) [potion of mutation]
  2907 | D:4      | Gained mutation: You can translocate small distances at will. [potion of mutation]
  2907 | D:4      | Gained mutation: Your body sometimes deteriorates upon taking damage. [potion of mutation]
  2907 | D:4      | Gained mutation: Your spells are a little harder to cast, but a little more powerful. [potion of mutation]
  2922 | D:4      | Mangled by Pikel

Skill      XL: |  1  2  3  4  5 |
---------------+----------------+-----
Armour         | 4 5 6 |  6.1
Fighting       | 4 |  4.3
Maces & Flails | 3 4 5 |  5.7
Shields        | |  3.6

Action                   |  1- 3 |  4- 6 || total
-------------------------+-------+-------++-------
Melee: Flail             |    82 |    96 ||   178
       Headbutt          |    10 |    24 ||    34
  Use: Scroll            |     4 |     5 ||     9
       Potion            |       |     3 ||     3
  Eat: Chunk             |     2 |     4 ||     6
Armor: Scale mail        |    25 |    38 ||    63
Dodge: Dodged            |    31 |    23 ||    54
Block: Shield            |    36 |    47 ||    83
